 Dungeon Crawl Stone Soup version 0.18.1-8-gdd0e5ea (webtiles) character file.

94 LORDOFBUTT the Skirmisher (level 4, -3/52 HPs)
             Began as a Demonspawn Berserker on May 26, 2016.
             Was a Believer of Trog.
             Slain by Natasha (6 damage)
             ... on level 2 of the Dungeon.
             The game lasted 00:01:37 (1018 turns).

LORDOFBUTT the Skirmisher (Demonspawn Berserker)    Turns: 1018, Time: 00:01:37

Health: -3/52      AC:  2    Str: 23    XL:     4   Next: 38%
Magic:  4/4        EV: 13    Int:  8    God:    Trog [**....]
Gold:   41         SH:  0    Dex: 13    Spells: 0 memorised, 3 levels left

rFire  . . .     SeeInvis .       - Unarmed
rCold  . . .     Gourm    .     a - +0 animal skin
rNeg   . . .     Faith    .     (no shield)
rPois  .         Spirit   .     (no helmet)
rElec  .         Dismiss  .     (no cloak)
rCorr  .         Reflect  .     (no gloves)
SustAt .         Harm     .     (no boots)
MR     +....                    (no amulet)
Stlth  ..........               (no ring)
                                f - ring of protection from magic

@: berserking, very quick, somewhat resistant to hostile enchantments, extremely
unstealthy
A: talons 1, demonic guardian 1
a: Berserk, Trog's Hand, Burn Spellbooks, Renounce Religion


You were on level 2 of the Dungeon.
You worshipped Trog.
Trog was pleased with you.
You were not hungry.

You visited 1 branch of the dungeon, and saw 2 of its levels.

You collected 41 gold pieces.

Inventory:

Armour
 a - a +0 animal skin (worn)
Jewellery
 f - a ring of protection from magic (left hand)
Wands
 g - a wand of paralysis (12/24)
Scrolls
 c - a scroll of enchant weapon {unknown}
 e - 2 scrolls of identify {unknown}
Potions
 d - 3 potions of agility {unknown}
 h - a potion of heal wounds {unknown}
Comestibles
 b - a bread ration


   Skills:
 + Level 3.5 Fighting
 + Level 2.0 Armour
 + Level 3.1 Dodging
 + Level 3.3 Unarmed Combat


You had 3 spell levels left.
You didn't know any spells.

Dungeon Overview and Level Annotations

Branches:
Dungeon (2/15)

Altars:
Cheibriados

Annotations:
D:2 Natasha


Innate Abilities, Weirdness & Mutations

You have sharp toenails.
A weak demonic guardian rushes to your aid.


Message History

Your crimson imp barely misses Natasha.
The white imp gestures at you. The puff of frost hits you! Natasha claws you.
You barely miss Natasha.
Natasha is severely wounded.
The white imp barely misses you.
Your crimson imp blinks!
Natasha claws you.
* * * LOW HITPOINT WARNING * * *
You are too injured to fight recklessly!
A red film seems to cover your vision as you go berserk!
You feel yourself moving faster!
You feel mighty!
You feel somewhat more hungry.
Your crimson imp blinks!
The white imp hits you.
* * * LOW HITPOINT WARNING * * *
The white imp freezes you.
* * * LOW HITPOINT WARNING * * *
Natasha claws you.
You die...

#.._...... .
#.###....##.#
P♣5 #.#
###..##.#
≈.≈# #.#
##.##.# ≈P# #
#.# #.##.#
..###. #.#
####.##.#
#§#.##.#.#
#........
#5h§..#.#
#.#####.#
#@####.###.#
#..
#.......)..#
#####.######
#.# #.# #.#
#.# #.# ...


You could see Natasha, a white imp and a friendly crimson imp.

Vanquished Creatures
  Terence (D:2)
  2 dart slugs (D:1)
  5 giant cockroaches
  6 goblins
  5 hobgoblins (D:1)
  4 jackals (D:1)
  6 bats
  2 giant newts
  4 kobolds
  6 rats
41 creatures vanquished.

Vanquished Creatures (collateral kills)
  Ijyb (D:2)
1 creature vanquished.

Grand Total: 42 creatures vanquished

Notes
Turn   | Place    | Note
--------------------------------------------------------------
     0 | D:1      | LORDOFBUTT the Demonspawn Berserker began the quest for the Orb.
     0 | D:1      | Reached XP level 1. HP: 18/18 MP: 1/1
   151 | D:1      | Gained mutation: A weak demonic guardian rushes to your aid. [demonic ancestry]
   151 | D:1      | Reached XP level 2. HP: 10/24 MP: 2/2
   302 | D:1      | Reached ** piety under Trog
   372 | D:1      | Reached XP level 3. HP: 22/29 MP: 3/3
   853 | D:2      | Noticed Terence
   867 | D:2      | Killed Terence
   867 | D:2      | Gained mutation: You have sharp toenails. [demonic ancestry]
   867 | D:2      | Reached XP level 4. HP: 34/35 MP: 4/4
   926 | D:2      | Noticed Ijyb
   944 | D:2      | Killed Ijyb
   981 | D:2      | Found a snail-covered altar of Cheibriados.
  1004 | D:2      | Noticed Natasha
  1018 | D:2      | Slain by Natasha

Skill      XL: |  1  2  3  4 |
---------------+-------------+-----
Armour         | 2 |  2.0
Dodging        | 2 3 |  3.1
Unarmed Combat | 3 |  3.3
Fighting       | |  3.5

Action                   |  1- 3 |  4- 6 || total
-------------------------+-------+-------++-------
Melee: Unarmed           |   117 |    40 ||   157
       Kick              |       |    12 ||    12
       Punch             |       |     1 ||     1
Invok: Berserk           |     2 |     1 ||     3
 Stab: Sleeping          |     1 |       ||     1
  Eat: Bread ration      |     1 |       ||     1
Armor: Animal skin       |    23 |    13 ||    36
Dodge: Dodged            |    70 |    46 ||   116
